AoeStats
← Tylemaker

Arabia

508588878Analyzed
1v1 RM · 8d ago on Sep 23, 2026· 35m 57s· 2 players
Game mode
Random Map
Map size
Tiny (2 player)
Population
200
Speed
Normal
Resources
Standard
Victory
Conquest
Starting age
Dark Age
Ending age
Imperial Age
RankedLock teamsTeams togetherTeam positionsShared explorationLock speedFull tech treeHidden civsTurbo modeCheats
Victory
Defeat
🇦🇷 Maya · Argentina
1232
+16
🇨🇦 Danes · Canada
1224
-16
Tylemaker
6:56 Loom
9:28 Feudal Age
10:33 Double-Bit Axe
10:38 Man-at-Arms
14:02 Horse Collar
20:18 Fletching
25:56 Castle Age
25:17 Arson
28:56 Squires
28:46 Gambesons
31:06 Scale Mail Armor
31:17 Forging
34:10 Scale Mail Armor
35:07 Chain Mail Armor
kV0t3
0:25 Loom
9:06 Feudal Age
9:48 Man-at-Arms
16:24 Fletching
23:27 Castle Age
22:00 Scale Mail Armor
22:00 Padded Archer Armor
22:24 Double-Bit Axe
23:38 Forging
23:19 Gold Mining
23:14 Horse Collar
24:05 Padded Archer Armor
24:09 Eagle Warrior
25:51 Bow Saw
29:19 Wheelbarrow
28:40 Bodkin Arrow
28:31 Crossbowman
30:07 Heavy Plow
31:13 Thumb Ring
31:24 Leather Archer Armor
34:59 Chain Mail Armor
35:20 Iron Casting
36:22 Squires
Connection lost

Rejoining the realm…

Still unreachable

The connection could not be restored.

Session expired

The server has moved on; the page needs a fresh start.